2828 views
Uploaded 2020-02-17 20:21:42
Game version 1.32 / 1.32.1
11:25 long 4on4 ladder game on (8)Feralas_LV
Saved by Teelo
2828 views
Uploaded 2020-02-17 20:21:42
Game version 1.32 / 1.32.1
11:25 long 4on4 ladder game on (8)Feralas_LV

89 units @ 12.3k
/ 1.5k
60 buildings @ 8.2k
/ 3.1k

| Rod of Necromancy | 1 | 150 |
| total: | 1 | 150g |
| Acolyte | 5 | 375 | / | 0 |
| Ghoul | 3 | 360 | / | 0 |
| Crypt Fiend | 6 | 1290 | / | 240 |
| Obsidian Statue | 2 | 400 | / | 70 |
| total: | 16 | 2425g | / | 310w |
| Spirit Tower | 2 | 290 | / | 80 |
| Altar of Darkness | 1 | 180 | / | 50 |
| Ziggurat | 5 | 750 | / | 250 |
| Crypt | 1 | 200 | / | 50 |
| Graveyard | 3 | 645 | / | 0 |
| Tomb of Relics | 1 | 130 | / | 30 |
| Slaughterhouse | 2 | 280 | / | 270 |
| Halls of the Dead | 1 | 320 | / | 210 |
| Black Citadel | 1 | 325 | / | 230 |
| total: | 13 | 2185g | / | 650w |
| 0:06 | Acolyte |
| 0:06 | Acolyte |
| 0:06 | Acolyte |
| 0:10 | Altar of Darkness |
| 0:12 | Ziggurat |
| 0:25 | Crypt |
| 0:38 | Acolyte |
| 1:04 | Graveyard |
| 1:09 | Graveyard |
| 1:11 | Graveyard |
| 1:29 | Tomb of Relics |
| 1:31 | Ghoul |
| 1:51 | Ziggurat |
| 2:03 | Ghoul |
| 2:22 | Ghoul |
| 2:37 | Rod of Necromancy |
| 2:42 | Death Coil |
| 3:11 | Crypt Fiend |
| 3:21 | Ziggurat |
| 4:11 | Crypt Fiend |
| 4:14 | Halls of the Dead |
| 4:26 | Creature Attack |
| 5:48 | Crypt Fiend |
| 5:52 | Ziggurat |
| 6:10 | Unholy Aura |
| 6:35 | Crypt Fiend |
| 6:51 | Slaughterhouse |
| 6:58 | Slaughterhouse |
| 7:01 | Acolyte |
| 7:08 | Web |
| 7:27 | Ziggurat |
| 7:33 | Spirit Tower |
| 7:36 | Spirit Tower |
| 7:59 | Crypt Fiend |
| 8:02 | Creature Carapace |
| 8:08 | Obsidian Statue |
| 8:23 | Death Coil |
| 8:58 | Obsidian Statue |
| 9:18 | Crypt Fiend |
| 9:21 | Black Citadel |
| Right click | 269 |
| Select | 115 |
| Chat | 67 |
| Select group | 34 |
| Build/train/purchase | 32 |
| Assign group | 16 |
| Use ability | 9 |
| Remove unit | 3 |
| Esc | 2 |
| Misc. action | 1 |
| Minimap ping | 1 |


| Peasant | 8 | 600 | / | 0 |
| Footman | 5 | 675 | / | 0 |
| Rifleman | 8 | 1640 | / | 240 |
| total: | 21 | 2915g | / | 240w |
| Scout Tower | 3 | 90 | / | 60 |
| Altar of Kings | 1 | 180 | / | 50 |
| Farm | 7 | 560 | / | 140 |
| Barracks | 1 | 160 | / | 60 |
| Blacksmith | 1 | 140 | / | 60 |
| Lumber Mill | 1 | 120 | / | 0 |
| Town Hall | 1 | 385 | / | 205 |
| Keep | 1 | 320 | / | 210 |
| total: | 15 | 1635g | / | 575w |
| 0:11 | Altar of Kings |
| 0:12 | Peasant |
| 0:12 | Peasant |
| 0:16 | Farm |
| 0:36 | Peasant |
| 0:37 | Peasant |
| 0:37 | Peasant |
| 0:55 | Farm |
| 1:02 | Barracks |
| 1:05 | Peasant |
| 1:34 | Peasant |
| 1:42 | Farm |
| 1:59 | Peasant |
| 2:12 | Footman |
| 2:12 | Footman |
| 2:20 | Blacksmith |
| 2:29 | Lumber Mill |
| 2:35 | Storm Bolt |
| 3:01 | Footman |
| 3:13 | Footman |
| 3:29 | Footman |
| 3:45 | Farm |
| 3:48 | Keep |
| 4:07 | Thunder Clap |
| 4:22 | Rifleman |
| 4:25 | Rifleman |
| 4:32 | Farm |
| 5:53 | Rifleman |
| 5:53 | Rifleman |
| 5:56 | Black Gunpowder |
| 6:56 | Town Hall |
| 7:18 | Farm |
| 7:43 | Storm Bolt |
| 7:55 | Studded Leather Armor |
| 8:00 | Farm |
| 8:03 | Rifleman |
| 9:18 | Scout Tower |
| 9:19 | Scout Tower |
| 9:19 | Scout Tower |
| 9:24 | Holy Light |
| 9:27 | Rifleman |
| 9:27 | Rifleman |
| 9:28 | Rifleman |
| Chat | 206 |
| Right click | 142 |
| Select | 107 |
| Build/train/purchase | 32 |
| Use ability | 9 |
| Minimap ping | 2 |

| Wisp | 17 | 1020 | / | 0 |
| Archer | 1 | 130 | / | 10 |
| Druid of the Claw | 7 | 1785 | / | 560 |
| total: | 25 | 2935g | / | 570w |
| Altar of Elders | 1 | 180 | / | 50 |
| Moon Well | 4 | 720 | / | 160 |
| Ancient of War | 1 | 150 | / | 60 |
| Ancient of Wonders | 1 | 90 | / | 30 |
| Hunter's Hall | 1 | 210 | / | 100 |
| Tree of Life | 2 | 680 | / | 370 |
| Ancient of Lore | 2 | 310 | / | 290 |
| Tree of Ages | 1 | 320 | / | 180 |
| Tree of Eternity | 1 | 330 | / | 200 |
| total: | 12 | 2340g | / | 1060w |
| 0:06 | Wisp |
| 0:06 | Wisp |
| 0:06 | Wisp |
| 0:27 | Altar of Elders |
| 0:29 | Wisp |
| 0:29 | Wisp |
| 0:36 | Moon Well |
| 0:51 | Ancient of War |
| 0:54 | Wisp |
| 1:25 | Wisp |
| 1:26 | Wisp |
| 1:39 | Wisp |
| 1:48 | Moon Well |
| 1:54 | Archer |
| 2:10 | Ancient of Wonders |
| 2:11 | Wisp |
| 2:25 | Wisp |
| 2:25 | Wisp |
| 2:29 | Force of Nature |
| 2:56 | Tree of Ages |
| 3:19 | Hunter's Hall |
| 3:38 | Moon Well |
| 3:42 | Moon Well |
| 3:45 | Thorns Aura |
| 4:39 | Strength of the Wild |
| 4:39 | Reinforced Hides |
| 4:39 | Ultravision |
| 5:21 | Ancient of Lore |
| 5:23 | Ancient of Lore |
| 5:25 | Wisp |
| 5:26 | Wisp |
| 5:26 | Wisp |
| 5:48 | Tree of Life |
| 5:54 | Wisp |
| 5:54 | Wisp |
| 6:21 | Force of Nature |
| 6:36 | Tree of Eternity |
| 7:02 | Tree of Life |
| 7:06 | Druid of the Claw Adept Training |
| 7:06 | Druid of the Claw |
| 7:36 | Druid of the Claw |
| 7:55 | Druid of the Claw |
| 8:06 | Improved Strength of the Wild |
| 8:20 | Druid of the Claw |
| 8:51 | Druid of the Claw |
| 8:58 | Druid of the Claw Master Training |
| 9:22 | Druid of the Claw |
| 9:34 | Mark of the Claw |
| 10:10 | Druid of the Claw |
| Chat | 386 |
| Select group | 216 |
| Right click | 134 |
| Select | 115 |
| Assign group | 101 |
| Misc. action | 60 |
| Build/train/purchase | 46 |
| Use ability | 17 |
| Remove unit | 1 |
| Esc | 1 |

| Peasant | 8 | 600 | / | 0 |
| Footman | 4 | 540 | / | 0 |
| Rifleman | 12 | 2460 | / | 360 |
| Priest | 3 | 405 | / | 30 |
| total: | 27 | 4005g | / | 390w |
| Scout Tower | 5 | 150 | / | 100 |
| Guard Tower | 2 | 140 | / | 100 |
| Altar of Kings | 1 | 180 | / | 50 |
| Farm | 8 | 640 | / | 160 |
| Barracks | 1 | 160 | / | 60 |
| Lumber Mill | 1 | 120 | / | 0 |
| Blacksmith | 1 | 140 | / | 60 |
| Arcane Vault | 1 | 130 | / | 30 |
| Town Hall | 1 | 385 | / | 205 |
| Arcane Sanctum | 1 | 150 | / | 140 |
| Keep | 1 | 320 | / | 210 |
| total: | 20 | 2055g | / | 805w |
| 0:10 | Altar of Kings |
| 0:11 | Peasant |
| 0:11 | Peasant |
| 0:12 | Peasant |
| 0:12 | Peasant |
| 0:14 | Peasant |
| 0:44 | Farm |
| 1:04 | Barracks |
| 1:08 | Peasant |
| 1:10 | Peasant |
| 1:18 | Farm |
| 1:30 | Lumber Mill |
| 1:50 | Peasant |
| 2:05 | Farm |
| 2:09 | Footman |
| 2:09 | Footman |
| 2:23 | Blacksmith |
| 2:25 | Summon Water Elemental |
| 2:50 | Farm |
| 3:05 | Footman |
| 3:05 | Footman |
| 3:27 | Keep |
| 3:56 | Arcane Vault |
| 4:00 | Farm |
| 4:08 | Brilliance Aura |
| 4:15 | Rifleman |
| 4:55 | Scout Tower |
| 5:06 | Iron Forged Swords |
| 5:06 | Iron Plating |
| 5:12 | Farm |
| 5:20 | Rifleman |
| 5:20 | Rifleman |
| 5:21 | Rifleman |
| 5:28 | Scout Tower |
| 5:34 | Black Gunpowder |
| 5:37 | Studded Leather Armor |
| 5:58 | Arcane Sanctum |
| 6:03 | Scout Tower |
| 6:14 | Improved Lumber Harvesting |
| 7:36 | Guard Tower |
| 7:39 | Scout Tower |
| 7:42 | Scout Tower |
| 8:17 | Priest Adept Training |
| 8:17 | Priest |
| 8:18 | Priest |
| 8:19 | Priest |
| 8:31 | Farm |
| 8:39 | Town Hall |
| 9:17 | Farm |
| 9:24 | Guard Tower |
| 9:29 | Rifleman |
| 9:29 | Rifleman |
| 9:49 | Refined Gunpowder |
| 10:14 | Rifleman |
| 10:14 | Rifleman |
| 10:14 | Rifleman |
| 10:26 | Long Rifles |
| 11:11 | Rifleman |
| 11:11 | Rifleman |
| 11:11 | Rifleman |
| Right click | 209 |
| Select | 120 |
| Select group | 93 |
| Build/train/purchase | 44 |
| Assign group | 4 |
| Use ability | 1 |
90 units @ 11.5k
/ 1.1k
50 buildings @ 7.4k
/ 2.9k

| Wisp | 19 | 1140 | / | 0 |
| Archer | 6 | 780 | / | 60 |
| Hippogryph | 2 | 320 | / | 40 |
| total: | 27 | 2240g | / | 100w |
| Altar of Elders | 1 | 180 | / | 50 |
| Moon Well | 4 | 720 | / | 160 |
| Ancient of War | 1 | 150 | / | 60 |
| Tree of Life | 1 | 340 | / | 185 |
| Hunter's Hall | 1 | 210 | / | 100 |
| Ancient of Wind | 3 | 450 | / | 420 |
| Tree of Ages | 1 | 320 | / | 180 |
| Tree of Eternity | 1 | 330 | / | 200 |
| total: | 11 | 2050g | / | 975w |
| 0:03 | Wisp |
| 0:03 | Wisp |
| 0:03 | Wisp |
| 0:07 | Altar of Elders |
| 0:19 | Moon Well |
| 0:33 | Ancient of War |
| 0:36 | Wisp |
| 0:41 | Wisp |
| 0:58 | Wisp |
| 1:16 | Wisp |
| 1:24 | Moon Well |
| 1:34 | Archer |
| 1:46 | Archer |
| 1:59 | Archer |
| 2:15 | Immolation |
| 2:22 | Moon Well |
| 2:24 | Wisp |
| 2:35 | Archer |
| 2:42 | Wisp |
| 3:09 | Archer |
| 3:10 | Wisp |
| 3:11 | Wisp |
| 3:36 | Evasion |
| 4:20 | Tree of Life |
| 4:36 | Hunter's Hall |
| 4:47 | Tree of Ages |
| 5:10 | Evasion |
| 5:45 | Strength of the Moon |
| 7:13 | Ancient of Wind |
| 7:15 | Ancient of Wind |
| 7:18 | Ancient of Wind |
| 7:20 | Moon Armor |
| 7:23 | Wisp |
| 7:23 | Wisp |
| 7:23 | Wisp |
| 7:55 | Wisp |
| 7:56 | Wisp |
| 7:56 | Wisp |
| 7:56 | Wisp |
| 7:56 | Wisp |
| 8:04 | Improved Bows |
| 8:10 | Tree of Eternity |
| 8:13 | Moon Well |
| 8:28 | Immolation |
| 9:32 | Hippogryph |
| 9:36 | Hippogryph |
| 9:42 | Improved Strength of the Moon |
| 9:43 | Improved Moon Armor |
| 9:59 | Archer |
| 10:54 | Marksmanship |
| Right click | 163 |
| Select | 148 |
| Build/train/purchase | 56 |
| Use ability | 3 |
| Item give/drop | 1 |


| Peon | 9 | 675 | / | 0 |
| Grunt | 6 | 1200 | / | 0 |
| Tauren | 4 | 1120 | / | 320 |
| total: | 19 | 2995g | / | 320w |
| Watch Tower | 3 | 330 | / | 240 |
| Orc Burrow | 7 | 1120 | / | 280 |
| War Mill | 1 | 205 | / | 0 |
| Altar of Storms | 1 | 180 | / | 50 |
| Barracks | 1 | 180 | / | 50 |
| Tauren Totem | 1 | 135 | / | 155 |
| Stronghold | 1 | 315 | / | 190 |
| Fortress | 1 | 325 | / | 190 |
| total: | 14 | 2150g | / | 775w |
| 0:10 | Orc Burrow |
| 0:11 | Peon |
| 0:28 | Peon |
| 0:28 | Peon |
| 0:29 | Peon |
| 0:29 | Peon |
| 0:31 | Peon |
| 0:37 | Peon |
| 0:50 | War Mill |
| 1:02 | Peon |
| 1:15 | Orc Burrow |
| 1:56 | Peon |
| 2:10 | Altar of Storms |
| 2:30 | Barracks |
| 3:11 | Steel Melee Weapons |
| 3:12 | Steel Armor |
| 3:26 | Stronghold |
| 3:39 | Grunt |
| 3:41 | Grunt |
| 3:50 | Orc Burrow |
| 4:02 | Drunken Brawler |
| 4:12 | Watch Tower |
| 4:24 | Grunt |
| 5:04 | Watch Tower |
| 5:14 | Grunt |
| 5:35 | Orc Burrow |
| 5:41 | Orc Burrow |
| 6:02 | Fortress |
| 6:10 | Breath of Fire |
| 6:14 | Grunt |
| 6:16 | Berserker Strength |
| 6:17 | Grunt |
| 6:40 | Orc Burrow |
| 6:45 | Tauren Totem |
| 7:33 | Cleaving Attack |
| 8:41 | Tauren |
| 8:42 | Tauren |
| 9:17 | Tauren |
| 9:42 | Watch Tower |
| 9:48 | Orc Burrow |
| 10:10 | Howl of Terror |
| 10:49 | Pulverize |
| 10:49 | Tauren |
| 11:15 | Drunken Brawler |
| Right click | 159 |
| Select | 75 |
| Build/train/purchase | 33 |
| Misc. action | 6 |
| Use ability | 4 |
| Remove unit | 4 |


| Rod of Necromancy | 1 | 150 |
| total: | 1 | 150g |
| Acolyte | 8 | 600 | / | 0 |
| Ghoul | 6 | 720 | / | 0 |
| Obsidian Statue | 2 | 400 | / | 70 |
| Necromancer | 2 | 290 | / | 40 |
| Abomination | 2 | 480 | / | 140 |
| Forest Troll Shadow Priest | 1 | 195 | / | 10 |
| total: | 21 | 2685g | / | 260w |
| Nerubian Tower | 1 | 100 | / | 20 |
| Spirit Tower | 1 | 145 | / | 40 |
| Altar of Darkness | 1 | 180 | / | 50 |
| Crypt | 2 | 400 | / | 100 |
| Ziggurat | 4 | 600 | / | 200 |
| Graveyard | 1 | 215 | / | 0 |
| Tomb of Relics | 1 | 130 | / | 30 |
| Slaughterhouse | 1 | 140 | / | 135 |
| Temple of the Damned | 1 | 155 | / | 140 |
| Halls of the Dead | 1 | 320 | / | 210 |
| Black Citadel | 1 | 325 | / | 230 |
| total: | 11 | 1820g | / | 655w |
| 0:08 | Acolyte |
| 0:11 | Altar of Darkness |
| 0:14 | Crypt |
| 0:28 | Ziggurat |
| 0:35 | Acolyte |
| 1:10 | Graveyard |
| 1:15 | Tomb of Relics |
| 1:28 | Ghoul |
| 1:41 | Ghoul |
| 2:08 | Ghoul |
| 2:09 | Ghoul |
| 2:21 | Vampiric Aura |
| 2:29 | Rod of Necromancy |
| 2:42 | Ziggurat |
| 2:45 | Nerubian Tower |
| 3:15 | Halls of the Dead |
| 3:59 | Sleep |
| 4:03 | Ghoul |
| 4:04 | Ghoul |
| 4:06 | Unholy Strength |
| 4:07 | Unholy Armor |
| 5:32 | Spirit Tower |
| 5:37 | Ziggurat |
| 5:41 | Ziggurat |
| 5:45 | Crypt |
| 5:47 | Slaughterhouse |
| 5:52 | Temple of the Damned |
| 7:02 | Black Citadel |
| 7:27 | Vampiric Aura |
| 7:53 | Obsidian Statue |
| 7:56 | Obsidian Statue |
| 7:58 | Necromancer Adept Training |
| 8:07 | Forest Troll Shadow Priest |
| 8:50 | Death Coil |
| 10:03 | Acolyte |
| 10:03 | Acolyte |
| 10:04 | Acolyte |
| 10:04 | Acolyte |
| 10:04 | Acolyte |
| 10:04 | Acolyte |
| 10:11 | Disease Cloud |
| 10:13 | Necromancer |
| 10:14 | Necromancer |
| 10:36 | Abomination |
| 11:05 | Abomination |
| Right click | 234 |
| Select | 111 |
| Build/train/purchase | 43 |
| Assign group | 13 |
| Use ability | 9 |
| Minimap ping | 9 |
| Chat | 7 |
| Select group | 6 |
| Remove unit | 1 |


| Peasant | 8 | 600 | / | 0 |
| Rifleman | 13 | 2665 | / | 390 |
| Priest | 2 | 270 | / | 20 |
| total: | 23 | 3535g | / | 410w |
| Scout Tower | 1 | 30 | / | 20 |
| Arcane Tower | 2 | 140 | / | 100 |
| Blacksmith | 1 | 140 | / | 60 |
| Barracks | 1 | 160 | / | 60 |
| Altar of Kings | 1 | 180 | / | 50 |
| Farm | 9 | 720 | / | 180 |
| Arcane Sanctum | 1 | 150 | / | 140 |
| Keep | 3 | 960 | / | 630 |
| total: | 14 | 1380g | / | 510w |
| 0:07 | Peasant |
| 0:07 | Peasant |
| 0:35 | Peasant |
| 0:43 | Blacksmith |
| 0:50 | Peasant |
| 0:57 | Barracks |
| 1:02 | Peasant |
| 1:12 | Altar of Kings |
| 1:17 | Peasant |
| 1:26 | Farm |
| 1:31 | Peasant |
| 1:46 | Peasant |
| 1:54 | Farm |
| 2:07 | Rifleman |
| 2:07 | Rifleman |
| 2:37 | Farm |
| 2:40 | Rifleman |
| 2:47 | Black Gunpowder |
| 2:47 | Refined Gunpowder |
| 2:56 | Farm |
| 3:14 | Rifleman |
| 3:15 | Rifleman |
| 3:29 | Holy Light |
| 3:54 | Rifleman |
| 4:21 | Rifleman |
| 4:27 | Keep |
| 4:53 | Devotion Aura |
| 5:03 | Rifleman |
| 5:11 | Scout Tower |
| 5:41 | Farm |
| 5:44 | Arcane Tower |
| 5:54 | Studded Leather Armor |
| 7:03 | Long Rifles |
| 7:16 | Imbued Gunpowder |
| 7:24 | Arcane Sanctum |
| 7:29 | Rifleman |
| 7:38 | Farm |
| 7:59 | Farm |
| 8:26 | Siphon Mana |
| 8:50 | Reinforced Leather Armor |
| 8:51 | Rifleman |
| 8:52 | Rifleman |
| 9:30 | Rifleman |
| 9:30 | Rifleman |
| 9:34 | Priest |
| 9:34 | Priest |
| 10:16 | Banish |
| 10:43 | Farm |
| 10:46 | Farm |
| Right click | 244 |
| Select group | 135 |
| Misc. action | 107 |
| Select | 93 |
| Build/train/purchase | 41 |
| Assign group | 16 |
| Use ability | 5 |
| Remove unit | 1 |
⇛